 Dungeon Crawl Stone Soup version 0.24.0-13-gcf9b3192b9 (webtiles) character file.

Game seed: 15785011871511532596, levelgen mode: deterministic

14 Descartes the Conjurer (level 2, -3/13 HPs)
             Began as a Vine Stalker Wanderer on Nov 7, 2019.
             Slain by an adder (4 damage)
             ... on level 2 of the Dungeon.
             The game lasted 00:02:00 (905 turns).

Descartes the Conjurer (Vine Stalker Wanderer)       Turns: 905, Time: 00:02:01

Health: -3/13      AC:  4    Str: 14    XL:     2   Next: 45%
Magic:  0/3        EV: 11    Int: 12    God:
Gold:   55         SH:  0    Dex: 13    Spells: 0/1 levels left

rFire    . . .     SeeInvis .   l - +2 dagger (vamp)
rCold    . . .     Gourm    .   (no shield)
rNeg     . . .     Faith    .   g - +0 leather armour
rPois    .         Spirit   +   (no helmet)
rElec    .         Reflect  .   e - +0 cloak (curse)
rCorr    +         Harm     .   (no gloves)
MR       .....     Rnd*Tele +   (no boots)
Stlth    +.........             k - amulet of magic regeneration
HPRegen  0.04/turn              h - ring of resist corrosion
MPRegen  0.33/turn              i - ring of teleportation (curse)

@: no status effects
A: fangs 2, magic shield, antimagic bite, no potion heal 3, rot immunity
a: no special abilities


You were on level 2 of the Dungeon.
You were not hungry.

You visited 1 branch of the dungeon, and saw 2 of its levels.

You collected 55 gold pieces.

Inventory:

Hand Weapons
 l - a +2 vampiric dagger (weapon)
Missiles
 j - 36 stones (quivered)
 o - 9 bolts
Armour
 c - a +0 robe
 e - a cursed +0 cloak (worn)
 g - a +0 leather armour (worn)
Jewellery
 h - a ring of resist corrosion (left hand)
 i - a cursed ring of teleportation (right hand)
 k - an amulet of magic regeneration (around neck)
Scrolls
 a - a scroll of enchant armour {unknown}
 m - a scroll of identify {unknown}
 n - a scroll of blinking {unknown}
Potions
 b - 2 potions of lignification
 d - 2 potions of curing {unknown}
Comestibles
 f - 2 rations


   Skills:
 + Level 0.2 Fighting
   Level 2.6 Long Blades
 + Level 1.1 Throwing
 + Level 0.2 Armour
 + Level 0.2 Dodging
 + Level 0.5 Stealth
   Level 1.0 Shields
 * Level 0.8 Unarmed Combat
 + Level 0.3 Spellcasting
 + Level 5.0 Conjurations


You couldn't memorise any spells.
You knew the following spells:

 Your Spells              Type           Power        Failure   Level  Hunger
a - Magic Dart            Conj           ##..         5%          1    ##.....

Your spell library contained the following spells:

 Spells                   Type           Power        Failure   Level  Hunger
 Conjure Flame            Conj/Fire      #.......     41%         3    ####...
 Mephitic Cloud           Conj/Pois/Air  #.......     52%         3    ####...
 Blink                    Tloc           N/A          54%         2    ###....
 Call Imp                 Summ           #.......     54%         2    ###....
 Slow                     Hex            #.......     54%         2    ###....


Dungeon Overview and Level Annotations

Branches:
Dungeon (2/15)

Altars:

Annotations:
D:2 Natasha


Innate Abilities, Weirdness & Mutations

You have extremely sharp teeth.
When hurt, damage is shared between your health and your magic reserves.
Your bite disrupts and absorbs the magic of your enemies.
Potions cannot restore your health.
You are immune to rotting.


Message History

Natasha moves out of view.
The adder hisses angrily.
Natasha stares at you and mumbles some strange words.
The magic dart hits you. Natasha barely misses you.
The adder barely misses you.
You closely miss the adder. The adder closely misses you. Natasha claws you.
You are too injured to fight recklessly!
You are too injured to fight recklessly!
You barely miss Natasha. Your bite misses Natasha. The adder bites you.
* * * LOW HITPOINT WARNING * * *
Natasha casts a spell.
You hit Natasha.
Natasha is lightly wounded.
The adder barely misses you.
Natasha hisses.
Natasha stares at you and mumbles some strange words.
The magic dart hits you.
* * * LOW HITPOINT WARNING * * *
The adder bites you.
You die...

#.### #.#.. ### #.#.#
..# #.#.# ## # #.#
##.#.###.. #.## #.#
##.........
#....##.######..........
#................<.....#
......S@########.#.#####
......h5# #.#...
........# #.#####
........# #+# .......##
#.....# ##...# ##.#


You could see Natasha, a crimson imp and an adder.

Vanquished Creatures
  2 dart slugs (D:1)
  2 bats (D:1)
  A giant cockroach (D:1)
  A goblin (D:1)
  2 frilled lizards (D:1)
  A kobold (D:1)
  2 rats (D:1)
11 creatures vanquished.

Notes
Turn   | Place    | Note
-------+----------+-------------------------------------------
     0 | D:1      | Descartes the Vine Stalker Wanderer began the quest for the
                  | Orb.
     0 | D:1      | Descartes set off with the following items: a +0 club, 2
                  | potions of lignification, a +0 robe, a ration; and the
                  | following spell memorised: Magic Dart; and the following
                  | spells available to memorise: Conjure Flame, Blink, Call
                  | Imp, Slow, Mephitic Cloud
     0 | D:1      | Reached XP level 1. HP: 9/9 MP: 2/2
   416 | D:1      | Reached XP level 2. HP: 13/13 MP: 3/3
   899 | D:2      | Noticed Natasha
   905 | D:2      | Noticed a crimson imp
   905 | D:2      | Slain by an adder

Levels and vault maps discovered:
D:1:      minmay_arrival_five_plusses, layout_loops_ring
D:2:      layout_loops_corners, grunt_temple_overflow_open, first_ration,
          uniq_sigmund, uniq_natasha, uniq_robin

Action                   || total
-------------------------++-------
Melee: Short sword       ||    25
       Club              ||     6
       Bite              ||    12
       Dagger            ||     4
 Stab: Sleeping          ||     1
Armor: Leather armour    ||     7
Dodge: Dodged            ||    23
